 Dungeon Crawl Stone Soup version 0.31-a0-851-g7ff8af7976 (webtiles) character file.

Game seed: 1211778346068894783

2 Kurtz the Sneak (level 1, -1/18 HPs)
             Began as a Mummy Delver on Oct 6, 2023.
             Slain by a hound (4 damage)
             ... on level 5 of the Dungeon.
             The game lasted 00:00:12 (116 turns).

Kurtz the Sneak (Mummy Delver)                       Turns: 116, Time: 00:00:13

Health: -1/18      AC:  3    Str: 15    XL:     1   Next: 25%
Magic:  1/1        EV: 11    Int:  9    God:
Gold:   0          SH:  0    Dex: 13    Spells: 0/0 levels left

rFire   x . .        a - +0 hand axe
rCold   + . .        (no shield)
rNeg    + + +        b - +0 leather armour
rPois   ∞            (no helmet)
rElec   .            (no cloak)
rCorr   .            (no gloves)
SInv    .            (no boots)
Will    .....        (no amulet)
Stlth   ++           (no ring)
HPRegen 0.23/turn    (no ring)
MPRegen 0.07/turn

%: faith
@: no status effects
A: cold resistance 1, negative energy resistance 3, torment resistance 2, heat
vulnerability 1, in touch with death 1, no potions, faith
a: no special abilities


You were on level 5 of the Dungeon.
You visited 1 branch of the dungeon, and saw 1 of its levels.

Inventory:

Hand Weapons
 a - a +0 hand axe (weapon)
Missiles
 h - 5 poisoned darts
Armour
 b - a +0 leather armour (worn)
Wands
 f - a wand of digging (3)
Scrolls
 c - a scroll of fog
 d - a scroll of revelation
 e - a scroll of fear
 g - a scroll of teleportation {unknown}


   Skills:
 - Level 3.0 Fighting
 * Level 1.7 Axes
 - Level 1.5 Dodging
 - Level 4.1 Stealth


You couldn't memorise any spells.
You didn't know any spells.
Your spell library was empty.

Dungeon Overview and Level Annotations

Branches:
Dungeon (5/15)
 Temple: D:4-7

Altars:


Innate Abilities, Weirdness & Mutations

You are immune to poison.
Your flesh is cold resistant. (rC+)
You are immune to negative energy. (rN+++)
You are immune to unholy pain and torment.
You are vulnerable to heat. (rF-)
You are in touch with the powers of death.
You do not drink.
You have a special connection with the divine. (Faith)


Message History

The hound is lightly wounded.
The hound barely misses you. The hound bites you but does no damage.
You closely miss the hound.
The hound is lightly wounded.
The hound closely misses you. The hound completely misses you.
You barely miss the hound.
The hound is lightly wounded.
The hound bites you but does no damage. The hound barely misses you.
You completely miss the hound.
The hound is lightly wounded.
The hound bites you.
You closely miss the hound.
The hound is lightly wounded.
The hound bites you. The hound bites you but does no damage.
You closely miss the hound.
The hound is lightly wounded.
The hound barely misses you. The hound bites you but does no damage.
You barely miss the hound.
The hound is lightly wounded.
The hound bites you. x2
You barely miss the hound.
The hound is lightly wounded.
The hound bites you. x2
* * * LOW HITPOINT WARNING * * *
You hit the hound.
The hound is moderately wounded.
The hound bites you.
* * * LOW HITPOINT WARNING * * *
You miss the hound.
The hound is lightly wounded.
The hound bites you.
* * * LOW HITPOINT WARNING * * *
The hound barely misses you.
You closely miss the hound.
The hound is lightly wounded.
The hound barely misses you. The hound closely misses you.
You closely miss the hound.
The hound is lightly wounded.
The hound misses you. The hound bites you.
You die...

.# #.# ###.#
###...####
.........##
######....@..#
#.........#h.#
#......#..#
#....#.#..#######
#................
#...#....$.[.....
#...#####.#####..
#...# #.# # #####
#...#####.#


You could see a hound.

Vanquished Creatures
  An orc (D:5)
1 creature vanquished.

Notes
Turn   | Place    | Note
-------+----------+-------------------------------------------
     0 | D:5      | Kurtz the Mummy Delver began the quest for the Orb.
     0 | D:5      | Reached XP level 1. HP: 18/18 MP: 1/1
    96 | D:5      | Noticed a hound
   116 | D:5      | Slain by a hound

Illustrated notes

Levels and vault maps discovered:
D:5:      layout_loops_ring, elyvilon_altar_1, nicolae_shop_dragon_depot,
          minivault_11, nicolae_wormholes

Action                     || total
---------------------------++-------
  Melee: Hand axe          ||    18
 Armour: Leather armour    ||    16
  Dodge: Dodged            ||    14

Table legend: (Time is in decaauts)
 A = Elapsed time spent in this place.
 B = Non-inter-level travel time spent in this place.
 C = Inter-level travel time spent in this place.
 D = Time resting spent in this place.
 E = Time spent auto-exploring this place.
 F = Levels seen in this place.
 G = Mean time per level.
                   A        B        C        D        E       F      G
               +--------+--------+--------+--------+--------+-----+--------+
         Total |    120 |    120 |      0 |     33 |     35 |   1 |  120.0 |
       Dungeon |    120 |    120 |      0 |     33 |     35 |   1 |  120.0 |
               +--------+--------+--------+--------+--------+-----+--------+

Top non-repeatable levels by time:
     D:5: 120 daAuts
